 Dungeon Crawl Stone Soup version 0.29.1-15-g9cfb28693d (webtiles) character file.

Game seed: 5631409062664281453

866 growler the Grappler (level 7, -2/52 HPs)
             Began as a Green Draconian Transmuter on Feb 26, 2023.
             Slain by a gnoll
             ... wielding a +0 club
             ... led by a gnoll bouda
              (5 damage)
             ... on level 4 of the Dungeon.
             The game lasted 00:12:30 (4743 turns).

growler the Grappler (Green Draconian Transmuter)   Turns: 4743, Time: 00:12:31

Health: -2/52      AC:  7    Str: 12    XL:     7   Next: 72%
Magic:  10/11      EV: 12    Int: 16    God:
Gold:   153        SH:  5    Dex: 11    Spells: 2/12 levels left

rFire   . . .      SeeInvis .     - Unarmed
rCold   + . .      Faith    .   (no shield)
rNeg    . . .      Spirit   .   (body armour unavailable)
rPois   +          Reflect  +   (helmet restricted)
rElec   .          Harm     .   i - +0 cloak
rCorr   .          Rampage  .   (no gloves)
Will    +....                   (no boots)
Stlth   +.........              o - amulet of Jealousy {Reflect Will+ SH+5}
HPRegen 0.17/turn               t - ring of protection from cold
MPRegen 0.12/turn               (no ring)

@: short of breath
A: breathe noxious fumes, AC +6, unfitting armour, poison resistance,
cold-blooded
a: Breathe Noxious Fumes


You were on level 4 of the Dungeon.
You visited 1 branch of the dungeon, and saw 4 of its levels.

You collected 153 gold pieces.

Inventory:

Armour
 i - a +0 cloak (worn)
Jewellery
 e - an amulet of magic regeneration
 o - the amulet of Jealousy (around neck) {Reflect Will+ SH+5}
   (You found it on level 2 of the Dungeon)

   [amulet of reflection]

   It reflects blocked missile attacks.
   SH:        It affects your SH (+5).
   Will:      It increases your willpower.
 t - a ring of protection from cold (left hand)
Wands
 m - a wand of flame (25)
Scrolls
 b - a scroll of torment
 c - 2 scrolls of butterflies
 d - a scroll of magic mapping {unknown}
 g - 2 scrolls of identify
 h - a scroll of fear {unknown}
 k - 2 scrolls of blinking
 p - 2 scrolls of teleportation {unknown}
 s - a scroll of amnesia {unknown}
Potions
 a - a potion of lignification
 f - a potion of flight
 j - 2 potions of might
 l - 3 potions of curing
 n - 2 potions of brilliance
 q - a potion of mutation
 r - a potion of cancellation
 u - 2 potions of degeneration {unknown}


   Skills:
 - Level 1.1 Fighting
 - Level 1.7 Dodging
 + Level 8.2 Unarmed Combat
 - Level 3.0 Spellcasting
 - Level 4.0 Transmutations


You had 2 spell levels left.
You knew the following spells:

 Your Spells              Type           Power      Damage    Failure   Level
a - Beastly Appendage     Tmut           30%        N/A       3%          1
b - Wereblood             Tmut           15%        N/A       5%          2
c - Spider Form           Tmut/Pois      8%         N/A       24%         3
d - Ice Form              Ice/Tmut       8%         N/A       63%         4

Your spell library contained the following spells:

 Spells                   Type           Power      Damage    Failure   Level


Dungeon Overview and Level Annotations

Branches:
Dungeon (4/15)
 Temple: D:4-7

Altars:
Elyvilon
Makhleb
Okawaru


Innate Abilities, Weirdness & Mutations

You can breathe blasts of noxious fumes.
Your lurid green scales are hard. (AC +6)
You cannot fit into any form of body armour.
Your system is resistant to poisons. (rPois)
You are cold-blooded and may be slowed by cold attacks.


Message History

You block the gnoll's attack.
The gnoll hits you from afar with a +0 spear.
The gnoll bouda attacks as you move away!
The gnoll bouda barely misses you.
Your attacks no longer feel as feeble.
The gnoll completely misses you.
The gnoll bouda attacks as you move away!
The gnoll bouda closely misses you.
Your transformation has ended.
Your +0 cloak unmelds from your body.
The gnoll hits you but does no damage. The gnoll attacks as you move away!
The gnoll barely misses you.
You punch the gnoll bouda!
The gnoll bouda is severely wounded.
The gnoll is no longer moving quickly.
The gnoll bouda barks out a call to the hunt!
The gnoll picks up the pace!
The gnoll hits you but does no damage.
You hit the gnoll bouda but do no damage.
The gnoll bouda is severely wounded.
The gnoll bouda hits you with a +0 whip.
* * * LOW HITPOINT WARNING * * *
The gnoll hits you from afar with a +0 spear!
* * * LOW HITPOINT WARNING * * *
Unknown command.
Aiming: Breathe Noxious Fumes (5% risk of failure)
Press: ? - help, Shift-Dir - straight line, f - gnoll
Aim: a gnoll, wielding a +0 spear (covering ground quickly, 65% to hit)
You exhale a blast of noxious fumes.
The blast of choking fumes hits the gnoll bouda.
You kill the gnoll bouda!
The blast of choking fumes hits the gnoll.
The gnoll is moderately wounded.
The gnoll is engulfed in noxious fumes.
The gnoll appears confused.
You block the gnoll's attack.
The gnoll is no longer moving quickly.
You block the gnoll's attack.
The gnoll is engulfed in noxious fumes.
The gnoll appears confused.
The gnoll hits you with a +0 flail.
* * * LOW HITPOINT WARNING * * *
The gnoll hits you with a +0 club.
You die...

#........................# #
##.##.....................####
#..# ##..........#........>..##
###.## #.......................#
.....# #............>###[.......
.....# #............# #........
.....####............####........
.................................
.....######.###g@##....###.......
.....# #.##.g.##..# #......##
###### #..#.#.##..###..##...#
###.#.#○##......#......
#......°##.....#......
#.....g.##..........
#.........g.).......
########.....)......
#............


You could see 3 gnolls.

Vanquished Creatures
  Menkaure (D:4)
  Duvessa (D:4)
  An ogre (D:4)
  4 scorpions (D:4)
  Dowan (D:4)
  A gnoll bouda (D:4)
  A jelly (D:4)
  An iguana (D:4)
  An orc wizard (D:4)
  An adder (D:3)
  9 gnolls
  A dart slug (D:4)
  2 worms (D:3)
  5 orcs
  6 ball pythons
  6 bats
  10 endoplasms
  2 giant cockroaches (D:1)
  4 goblins
  8 hobgoblins
  4 kobolds
  3 quokkas
  7 frilled lizards
  5 rats
85 creatures vanquished.

Notes
Turn   | Place    | Note
-------+----------+-------------------------------------------
     0 | D:1      | growler the Draconian Transmuter began the quest for the
                  | Orb.
     0 | D:1      | Reached XP level 1. HP: 16/16 MP: 3/3
   235 | D:1      | Reached XP level 2. HP: 23/23 MP: 3/5
   550 | D:1      | Learned a level 2 spell: Wereblood
   711 | D:1      | Reached XP level 3. HP: 13/28 MP: 6/6
   715 | D:1      | Learned a level 3 spell: Spider Form
  1534 | D:2      | Identified the amulet of Jealousy {Reflect Will+ SH+5}
  2016 | D:2      | Found a faded altar of an unknown god.
  2286 | D:3      | Found an iron altar of Okawaru.
  2286 | D:3      | Found a burning altar of Makhleb.
  2311 | D:3      | Reached XP level 4. HP: 14/35 MP: 6/8
  2518 | D:3      | Found a white marble altar of Elyvilon.
  3050 | D:3      | Reached skill level 4 in Unarmed Combat
  3650 | D:4      | Noticed Duvessa
  3651 | D:4      | Noticed Dowan
  3665 | D:4      | Killed Duvessa
  3666 | D:4      | Reached XP level 5. HP: 18/40 MP: 3/9
  3674 | D:4      | Killed Dowan
  3675 | D:4      | Reached skill level 5 in Unarmed Combat
  3675 | D:4      | Reached XP level 6. HP: 24/47 MP: 4/10
  4024 | D:4      | Reached skill level 6 in Unarmed Combat
  4068 | D:4      | Your scales start taking on a lurid green colour.
  4068 | D:4      | Reached XP level 7. HP: 29/52 MP: 11/11
  4068 | D:4      | Gained mutation: Your system is resistant to poisons.
                  | (rPois) [Green Draconian growth]
  4234 | D:4      | Noticed Menkaure
  4326 | D:3      | Learned a level 4 spell: Ice Form
  4501 | D:4      | Killed Menkaure
  4502 | D:4      | Reached skill level 7 in Unarmed Combat
  4671 | D:4      | Reached skill level 8 in Unarmed Combat
  4743 | D:4      | Slain by a gnoll

Illustrated notes

Levels and vault maps discovered:
D:1:      wander_arrival_abandoned_jail, layout_basic,
          minmay_misc_feat_more_columns
D:2:      layout_basic, shapermc_ecumenical_altar_petra
D:3:      layout_loops_ring, mainiacjoe_overflow_large_starburst,
          lemuel_crystal_altar, minmay_quadrilaterals
D:4:      layout_rooms, uniq_menkaure, uniq_duvessa

Skill      XL: |  1  2  3  4  5  6  7 |
---------------+----------------------+-----
Transmutations | 4 |  4.0
Spellcasting   | 3 |  3.0
Unarmed Combat | 4 5 6 8 |  8.2
Fighting       | |  1.1
Dodging        | |  1.7

Action                   |  1- 3 |  4- 6 |  7- 9 || total
-------------------------+-------+-------+-------++-------
Melee: Unarmed           |   138 |   122 |    43 ||   303
       Tailslap          |    20 |    17 |     1 ||    38
       Headbutt          |     7 |     9 |     2 ||    18
       Kick              |     4 |     6 |     2 ||    12
       Punch             |     1 |     1 |       ||     2
 Cast: Beastly Appendage |     6 |     4 |     1 ||    11
       Spider Form       |       |     2 |     5 ||     7
 Abil: Breathe Noxious F |       |       |     3 ||     3
  Use: Scroll            |     7 |     2 |       ||     9
       Potion            |       |     2 |       ||     2
 Stab: Confused          |       |       |     1 ||     1
Armor: Skin              |    47 |    19 |     7 ||    73
Dodge: Dodged            |    58 |    52 |    35 ||   145
Block: Other             |     6 |    30 |    12 ||    48
       Reflection        |       |     1 |       ||     1
